 Dungeon Crawl Stone Soup version 0.25-a0-58-g9dd530fc12 (console) character file.

Game seed: 8030422707473711179, levelgen mode: deterministic

11118 utis the Reanimator (level 11, -8/68 HPs)
             Began as a Tengu Necromancer on Oct 26, 2019.
             Mangled by a large abomination (25 damage)
             ... on level 2 of the Abyss.
             The game lasted 00:51:37 (21186 turns).

utis the Reanimator (Tengu Necromancer)            Turns: 21186, Time: 00:51:38

Health: -8/68      AC:  8    Str: 12    XL:     11   Next: 72%
Magic:  10/10      EV: 28    Int: 15    God:
Gold:   480        SH:  6    Dex: 20    Spells: 2/14 levels left

rFire    + . .     SeeInvis +   w - +0 rapier
rCold    . . .     Gourm    .   J - +0 buckler
rNeg     . . .     Faith    .   p - +1 robe {rF+}
rPois    .         Spirit   .   E - +2 hat
rElec    .         Reflect  .   L - +2 cloak
rCorr    .         Harm     .   (no gloves)
MR       .....                  (boots unavailable)
Stlth    +++.......             (no amulet)
HPRegen  0.21/turn              v - ring of see invisible
MPRegen  0.12/turn              Z - ring of wizardry

@: agile, about to teleport, flying quickly and evasively, quick
A: beak, talons 3, [low mp 3], able to fly
a: Stop Flying


You were on level 2 of the Abyss.
You were near starving.

You visited 2 branches of the dungeon, and saw 12 of its levels.
You visited the Abyss 1 time.
You also visited: Sewer and Volcano.

You collected 656 gold pieces.
You spent 176 gold pieces at shops.

Inventory:

Hand Weapons
 a - a +3 dagger of pain
 e - a +0 spear
 q - a +0 quarterstaff
 w - a +0 rapier (weapon)
 x - a +3 dagger of holy wrath
 G - a +2 vampiric spear
 H - a +1 short sword of protection
 P - a +0 dagger of draining
 Q - a +2 dire flail of venom
 U - a +5 morningstar
Missiles
 j - 48 stones (quivered)
 y - 26 poisoned darts
 O - 7 curare-tipped darts {=f}
Armour
 m - a +0 chain mail
 n - a +0 robe
 p - a +1 robe of fire resistance (worn)
 r - a +0 leather armour
 t - a +1 ring mail
 E - a +2 hat (worn)
 I - a +0 scale mail
 J - a +0 buckler (worn)
 L - a +2 cloak (worn)
Jewellery
 v - a ring of see invisible (left hand)
 C - an uncursed amulet of harm
 Z - a ring of wizardry (right hand)
Wands
 z - a wand of random effects (31)
 A - a wand of iceblast (13)
 B - a wand of flame (25)
 N - a wand of polymorph (8)
Scrolls
 d - a scroll of magic mapping
 i - 4 scrolls of enchant armour
 k - a scroll of fear
 l - a scroll of identify {@r1}
 o - a scroll of holy word {unknown}
 s - a scroll of fog
 u - a scroll of teleportation {@r4}
 D - 3 scrolls of remove curse {@r2}
 M - 3 scrolls of immolation {unknown}
Potions
 b - 2 potions of mutation {!q}
 g - a potion of curing {@q1}
 F - 5 potions of magic
 K - a potion of brilliance
 R - a potion of cancellation
 S - a potion of heal wounds {unknown}
 T - a potion of lignification {unknown}
Miscellaneous
 h - a box of beasts
Comestibles
 c - 9 rations {@e1}


   Skills:
 + Level 8.1 Fighting
 * Level 8.7 Short Blades
 + Level 5.6 Armour
 + Level 9.1 Dodging
 - Level 2.0 Stealth
 - Level 4.1 Shields
 - Level 2.0 Spellcasting
 * Level 11.2 Necromancy


You had 2 spell levels left.
You knew the following spells:

 Your Spells              Type           Power        Failure   Level  Hunger
a - Pain                  Necr           ####         1%          1    #......
c - Regeneration          Chrm/Necr      ###.......   2%          3    ###....
d - Animate Dead          Necr           N/A          1%          4    #####..
n - Animate Skeleton      Necr           N/A          1%          1    #......
v - Vampiric Draining     Necr           #####.....   1%          3    ###....

Your spell library contained the following spells:

 Spells                   Type           Power        Failure   Level  Hunger
 Confusing Touch          Hex            #.....       9%          1    #......
 Magic Dart               Conj           #...         9%          1    #......
 Blink                    Tloc           N/A          13%         2    ###....
 Call Imp                 Summ           #.......     13%         2    ###....
 Slow                     Hex            #.......     13%         2    ###....
 Confuse                  Hex            #.......     26%         3    ###....
 Conjure Flame            Conj/Fire      #.......     26%         3    ###....
 Gell's Gravitas          Tloc           #.........   26%         3    ###....
 Mephitic Cloud           Conj/Pois/Air  #.......     26%         3    ###....
 Petrify                  Tmut/Erth      #.......     61%         4    #####..
 Metabolic Englaciation   Hex/Ice        #.........   91%         5    ######.
 Yara's Violent Unravell  Hex/Tmut       #.........   91%         5    ######.


Dungeon Overview and Level Annotations

Branches:
Dungeon (11/15)            Temple (0/1) D:6            Lair (1/6) D:9
  Sewer (visited)         Volcano (visited)
    Orc: D:9-12

Altars:
Gozag
Kikubaaqudgha
Uskayaw
Vehumet
Xom
The Shining One

Shops:
D:4 [   D:7 =   D:10 (


Innate Abilities, Weirdness & Mutations

You have a beak for a mouth.
You have claws for feet.
You can fly continuously.
[Your magical capacity is extremely low. (-30% MP)]


Message History

The thrashing horror closely misses you.
Unknown command.
Okay, then.
Unknown command.
Okay, then.
Okay, then.
Okay, then.
You feel agile all of a sudden.
The thrashing horror completely misses you. x2
The large abomination closely misses you.
Unknown command.
You hit the large abomination.
You claw the large abomination, but do no damage.
The large abomination is heavily damaged.
The thrashing horror misses you.
The thrashing horror completely misses you.
The tentacled starspawn closely misses you.
The tentacled starspawn completely misses you.
The large abomination hits you!!
You die...

.. .§§ § ....
.§§..§§
§§..§...§ .§§§
▒.§....░░
.....▒▒Xw§...░░
§..§.X.§....
§§QX§§ §..§§§§§
§.§..§...§ ..
§§. §§§§ § §.
▓▓


You could see a tentacled starspawn, a thrashing horror, a large abomination and
a starspawn tentacle.

Vanquished Creatures
  2 wizards (Volcano)
  An ugly thing (D:11)
  A smoke demon (Abyss:2)
  2 gargoyles
  A centaur skeleton (D:11)
  A komodo dragon (D:9)
  5 slime creatures
  3 yaks (D:11)
  A wyvern (D:10)
  Eustachio (D:4)
  A hungry ghost (D:10)
  A small abomination (Abyss:2)
  2 hell hounds (Lair:1)
  A hornet zombie (D:9)
  3 sky beasts
  3 orc warriors
  2 ice beasts
  A black bear (D:10)
  3 necrophages
  3 phantoms
  4 ogres
  4 centaurs
  2 big kobolds (D:7)
  7 bullfrogs
  2 wyvern zombies
  A gnoll sergeant (D:8)
  4 scorpions
  10 killer bees
  15 wights
  3 howler monkeys (D:9)
  2 bullfrog zombies
  9 crimson imps
  A centaur zombie (D:11)
  A jelly (D:9)
  5 orc priests
  A gnoll shaman (D:6)
  7 hounds
  12 orc wizards
  Jessica (D:3)
  A bullfrog skeleton (D:6)
  Ijyb (D:3)
  2 iguanas
  8 worker ants
  2 hound zombies
  2 worker ant zombies (D:5)
  Robin (D:2)
  11 gnolls
  18 adders
  3 shadow imps
  An adder zombie (D:7)
  8 worms
  5 leopard geckos
  31 orcs
  6 ball pythons
  10 giant cockroaches
  14 goblins
  9 hobgoblins
  18 jackals
  3 quokkas
  5 bats
  10 frilled lizards
  A jackal skeleton (D:5)
  23 kobolds
  A leopard gecko skeleton (D:8)
  A leopard gecko zombie (D:9)
  A quokka skeleton (D:4)
  10 rats
  A plant (Sewer)
336 creatures vanquished.

Vanquished Creatures (others)
  A fungus (D:6)
  A lurking horror (Abyss:2)
  A plant (D:9)
  2 starspawn tentacles (Abyss:2)
5 creatures vanquished.

Grand Total: 341 creatures vanquished

Notes
Turn   | Place    | Note
-------+----------+-------------------------------------------
     0 | D:1      | utis the Tengu Necromancer began the quest for the Orb.
     0 | D:1      | Reached XP level 1. HP: 10/10 MP: 4/4
   284 | D:1      | Reached XP level 2. HP: 16/16 MP: 4/6
  1158 | D:1      | Reached skill level 1 in Fighting
  1507 | D:2      | Reached XP level 3. HP: 19/20 MP: 5/7
  2326 | D:2      | Learned a level 3 spell: Vampiric Draining
  2328 | D:2      | Learned a level 1 spell: Animate Skeleton
  2855 | D:2      | Reached skill level 5 in Necromancy
  2855 | D:2      | Reached XP level 4. HP: 24/26 MP: 5/8
  3706 | D:3      | Found a glowing drain.
  3711 | D:3      | Noticed Ijyb
  3716 | Sewer    | Entered a sewer
  4316 | Sewer    | Gained mutation: You can fly continuously. [Tengu growth]
  4316 | Sewer    | Reached XP level 5. HP: 24/31 MP: 3/9
  4435 | Sewer    | Learned a level 3 spell: Regeneration
  4500 | Sewer    | ooops
  5519 | D:3      | Found a shimmering altar of Xom.
  5519 | D:3      | Noticed Robin
  5545 | D:2      | Killed Robin
  5757 | D:3      | Reached XP level 6. HP: 19/37 MP: 10/10
  5937 | D:3      | Killed Ijyb
  6189 | D:3      | Reached skill level 6 in Necromancy
  6419 | D:3      | Reached XP level 7. HP: 24/42 MP: 6/11
  6623 | D:3      | Noticed Jessica
  6632 | D:3      | Killed Jessica
  6746 | D:3      | Reached skill level 5 in Dodging
  7010 | D:3      | ...
  7301 | D:4      | Noticed Eustachio
  7328 | D:4      | HP: 1/42 [quasit[Eustachio] (2)]
  7581 | D:4      | Found Qemownul's Armour Shoppe.
  7591 | D:4      | Bought a +2 hat for 176 gold pieces
  7688 | D:4      | Killed Eustachio
  7910 | D:5      | Entered Level 5 of the Dungeon
  8071 | D:4      | meh
  8390 | D:5      | Reached skill level 7 in Necromancy
  8536 | D:5      | Reached XP level 8. HP: 48/48 MP: 12/12
  9057 | D:6      | Reached skill level 5 in Fighting
  9305 | D:6      | Found a staircase to the Ecumenical Temple.
  9318 | D:6      | Reached skill level 1 in Short Blades
  9701 | D:6      | Found a hide-covered altar of Uskayaw.
 10034 | D:6      | Reached skill level 8 in Necromancy
 10127 | D:6      | Reached XP level 9. HP: 49/55 MP: 13/13
 10172 | D:6      | Reached skill level 1 in Armour
 10791 | D:7      | Found Weops's Jewellery Shop.
 10981 | D:7      | aaaah
 10981 | D:7      | nice
 11731 | D:7      | Learned a level 4 spell: Animate Dead
 11979 | D:7      | Reached skill level 5 in Short Blades
 11986 | D:7      | Reached skill level 9 in Necromancy
 12850 | D:8      | Reached XP level 10. HP: 26/61 MP: 14/14
 13278 | D:8      | Found an opulent altar of Gozag.
 13278 | D:8      | Found a radiant altar of Vehumet.
 13350 | D:8      | Found a glowing golden altar of the Shining One.
 13363 | D:8      | Noticed a gargoyle
 13369 | D:8      | Killed a gargoyle
 14836 | D:9      | Found a staircase to the Lair.
 15024 | D:9      | Reached skill level 10 in Necromancy
 15814 | D:10     | Entered Level 10 of the Dungeon
 16233 | D:10     | Reached skill level 1 in Shields
 17089 | D:10     | Found Xesuf's Antique Weapon Shop.
 17657 | D:10     | Reached XP level 11. HP: 55/67 MP: 15/15
 17842 | D:10     | Found Xesuf's Antique Weapon Shop.
 18226 | D:11     | my god
 19187 | D:11     | Reached skill level 5 in Armour
 19265 | D:11     | Noticed a purple ugly thing
 19284 | D:11     | Killed a purple ugly thing
 19465 | D:11     | Found an ancient bone altar of Kikubaaqudgha.
 20022 | D:11     | Noticed a tengu warrior
 20024 | D:11     | Noticed a tengu warrior
 20180 | Lair:1   | Entered Level 1 of the Lair of Beasts
 20215 | Lair:1   | Found a dark tunnel.
 20222 | Lair:1   | man
 20245 | Lair:1   | Reached skill level 11 in Necromancy
 20359 | Volcano  | Entered a volcano
 20395 | Volcano  | Noticed a wizard
 20395 | Volcano  | Paralysed by a wizard for 5 turns
 20406 | Volcano  | Killed a wizard
 20435 | Volcano  | Noticed a wizard
 20443 | Volcano  | Killed a wizard
 20467 | Volcano  | Noticed a wizard
 20467 | Volcano  | Noticed a wizard
 20479 | Volcano  | Cast into level 2 of the Abyss (a wizard)
 20480 | Abyss:2  | crap
 20657 | Abyss:2  | Noticed a rakshasa
 20687 | Abyss:2  | Noticed a thrashing horror
 20773 | Abyss:2  | Found a sacrificial altar of Ru.
 20863 | Abyss:2  | Noticed a rakshasa
 20867 | Abyss:2  | Noticed a starcursed mass
 20872 | Abyss:2  | Found a corrupted altar of Lugonu.
 20878 | Abyss:2  | nah
 20904 | Abyss:2  | Noticed a lorocyproca
 20905 | Abyss:2  | Noticed a wretched star
 20910 | Abyss:2  | Noticed a revenant
 20920 | Abyss:2  | Noticed a large abomination
 21170 | Abyss:2  | Noticed a thrashing horror
 21173 | Abyss:2  | sigh
 21174 | Abyss:2  | Noticed a tentacled starspawn
 21186 | Abyss:2  | Mangled by a large abomination

Levels and vault maps discovered:
D:1:      psy_arrival_terrarium, layout_basic, minmay_misc_feat_ornament,
          chequers_serial_rivers_large_a, minmay_heptomino_o4
D:2:      layout_basic
D:3:      layout_loops_ring, cheibrodos_sewer_entry_drain, first_ration,
          led_xom_imps, uniq_robin, uniq_jessica, uniq_ijyb
D:4:      layout_rooms, serial_shops, shop, uniq_eustachio
D:5:      layout_loops_corners, minmay_holes
D:6:      old_forge, layout_basic, nicolae_overflow_crystal_walls,
          minmay_temple_entry_glassed_door
D:7:      minmay_angry_zag, layout_basic, serial_shops, shop
D:8:      layout_basic, kennysheep_little_box,
          gammafunk_temple_overflow_elements
D:9:      layout_loops_ring, david_lair_shrubbed
D:10:     layout_stronghold, serial_shops, shop_fountains
D:11:     layout_layer_cave, basic_altar
Lair:1:   layout_long_grid, enter_volcano_3, minivault_19,
          grunt_forest_small_clearings
Abyss:2:  evilmike_abyss_exit_11
Volcano:  volcano_bunker

Skill      XL: |  1  2  3  4  5  6  7  8  9 10 11 |
---------------+----------------------------------+-----
Fighting       | 1 2 3 4 6 7 8 |  8.1
Dodging        | 3 4 5 7 8 9 |  9.1
Necromancy     | 5 6 7 8 9 10 11 | 11.2
Short Blades   | 3 5 7 8 |  8.7
Armour         | 3 4 5 |  5.6
Shields        | 4 |  4.1
Stealth        | |  2.0
Spellcasting   | |  2.0

Action                   |  1- 3 |  4- 6 |  7- 9 | 10-12 || total
-------------------------+-------+-------+-------+-------++-------
Melee: Spear             |    17 |       |       |       ||    17
       Kick              |    14 |    60 |   146 |   190 ||   410
       Peck              |    10 |    37 |   115 |   122 ||   284
       Dagger            |    33 |    33 |   441 |   320 ||   827
       Rapier            |       |   213 |   161 |   332 ||   706
Throw: Stone             |     6 |     3 |     7 |     4 ||    20
 Cast: Pain              |    40 |     9 |     3 |       ||    52
       Vampiric Draining |       |     5 |    13 |    24 ||    42
 Abil: Fly               |       |     1 |       |       ||     1
Evoke: Wand              |       |     1 |       |     1 ||     2
  Use: Scroll            |       |     5 |     8 |    11 ||    24
       Potion            |       |       |     4 |     5 ||     9
 Stab: Sleeping          |     1 |       |     1 |       ||     2
  Eat: Chunk             |     6 |    10 |    19 |    11 ||    46
       Ration            |       |     1 |     1 |     5 ||     7
Armor: Robe              |     4 |     1 |       |    15 ||    20
       Leather armour    |       |    22 |       |       ||    22
       Ring mail         |       |    24 |    99 |       ||   123
       Scale mail        |       |       |    77 |    49 ||   126
       Chain mail        |       |       |       |   116 ||   116
Dodge: Dodged            |    25 |   163 |   472 |   361 ||  1021
Block: Buckler           |       |       |       |    32 ||    32

Table legend:
 A = Non-vault XP
 B = Vault XP
 C = Vault XP percentage of total XP
 D = Non-vault monster count
 E = Vault monster count
 F = Vault count percentage of total count
                 A         B        C        D         E       F
            +---------+---------+-------+---------+---------+-------
      Total |   12911 |    2973 |  18.7 |     270 |      65 |  19.4
            +---------+---------+-------+---------+---------+-------
        D:1 |      16 |       5 |  23.8 |      12 |       4 |  25.0
        D:2 |      81 |      16 |  16.5 |      26 |       2 |   7.1
        D:3 |     210 |     288 |  57.8 |      28 |      18 |  39.1
        D:4 |     141 |     185 |  56.7 |      10 |       1 |   9.1
        D:5 |     270 |       0 |   0.0 |      12 |       0 |   0.0
        D:6 |    1224 |     255 |  17.2 |      25 |       8 |  24.2
        D:7 |    1316 |     156 |  10.6 |      42 |       4 |   8.7
        D:8 |    1690 |       0 |   0.0 |      31 |       0 |   0.0
        D:9 |    1459 |     350 |  19.3 |      24 |       1 |   4.0
       D:10 |    2568 |       0 |   0.0 |      40 |       0 |   0.0
       D:11 |    3337 |       0 |   0.0 |      18 |       0 |   0.0
     Lair:1 |       0 |     282 | 100.0 |       0 |       2 | 100.0
    Abyss:2 |     599 |       0 |   0.0 |       2 |       0 |   0.0
      Sewer |       0 |      69 | 100.0 |       0 |      23 | 100.0
    Volcano |       0 |    1367 | 100.0 |       0 |       2 | 100.0
            +---------+---------+-------+---------+---------+-------
